Unix NetHack Version 5.0.0-0 post-release - last build Jun 10 2026 00:39:30 (3ee93aec679c4c4259841fe613dc97188e26a321,branch:main).

Game began 2026-06-29 09:32:57, ended 2026-07-02 12:31:06.

Anarchos, lawful female dwarven Valkyrie

                              -------
                          -----..|..|
                          |....[....----------------
                          |...|...-..^..c.c@..)....|
                          |.---.-.....------------+|
                          |........|.--  |.........|
                          |.----..--.|   |.........|
                          |.......|..|   |.........|
                          |.........-|   |.........|
                          |[`|)..|.`.|   |....<....|
                          |..-----`-.|   |.........|
                          |*.........|   |.........|
                          --`>--------   |.........|
                           ----          -----------

Anarchos the Fighter        St:18 Dx:15 Co:18 In:10 Wi:10 Ch:8  Lawful
Dlvl:4  $:78 HP:0(102) Pw:18(18) AC:-6 Xp:9 T:10615 

Latest messages:
 G - an orcish helm.
 S - a +0 pair of combat boots.
 H - a pair of snow boots.
 X - a dwarvish cloak.
 w - a mummy wrapping.
 o - a banana.
 K - 2 tripe rations.
 B - 2 eggs.
 V - a scroll called earth.
 i - a scroll of teleportation.
 a - a potion called feel good.
 l - 4 potions called water.
 R - a spiked wand.
 d - a wand of make invisible.
 p - a key.
 M - a blindfold.
 v - a brass lantern.
 I - an expensive camera.
 J - a grappling hook.
 t - a leash.
 h - a leash.
 u - a stethoscope.
 L - a towel.
 b - a unicorn horn.
 You hear a wolf howling at the moon.
 You hear a wolf howling at the moon.
 You hear a wolf howling at the moon.
 You hear a wolf howling at the moon.
 You hear a wolf howling at the moon.
 You feel strong!
 You must have been exercising diligently.
 You hear a wolf howling at the moon.
 You hear a wolf howling at the moon.
 You hear a wolf howling at the moon.
 You hear a wolf howling at the moon.
 You hear a wolf howling at the moon.
 Click!  The chickatrice triggers a rolling boulder trap.
 You hear a wolf howling at the moon.
 You are in full health.
 This door is locked.
 Unlock it with your key? [ynq] (q) n
 What do you want to zap? [dR or ?*] ?
 In what direction? 4
 The wall glows then fades.
 The chickatrice misses!
 The chickatrice touches you!
 You miss the chickatrice.
 You hit the chickatrice.
 You turn to stone...
 Do you want your possessions identified? [ynq] (y) q

Inventory:
 Coins    ('$')
  $ - 78 gold pieces
 Amulets  ('"')
  f - a cursed amulet of change
  s - an uncursed amulet of ESP
 Weapons  (')')
  Q - a +0 elven dagger
  j - a blessed +0 orcish dagger
  Z - the +1 Sting
  z - a +0 bullwhip
  F - a +0 long sword
  k - a blessed +0 scimitar
 Armor    ('[')
  e - an uncursed +3 orcish helm (being worn)
  G - an uncursed +0 orcish helm
  g - a blessed burnt +2 pair of elven boots (being worn)
  H - an uncursed +0 pair of jumping boots
  S - an uncursed +0 pair of water walking boots
  c - an uncursed +3 small shield (being worn)
  X - an uncursed +0 dwarvish cloak
  C - an uncursed +0 elven cloak (being worn)
  w - an uncursed +0 mummy wrapping
  T - an uncursed +0 elven mithril-coat (being worn)
 Comestibles  ('%')
  o - an uncursed banana
  K - 2 uncursed tripe rations
  B - 2 uncursed eggs
 Scrolls  ('?')
  V - an uncursed scroll of earth
  i - an uncursed scroll of teleportation
 Potions  ('!')
  a - an uncursed potion of restore ability
  l - 4 uncursed potions of water
 Wands    ('/')
  R - a wand of digging (0:4)
  d - a wand of make invisible (0:1)
 Tools    ('(')
  M - a cursed blindfold
  v - an uncursed brass lantern
  I - an expensive camera (0:58)
  J - a +0 grappling hook
  h - an uncursed leash
  t - an uncursed leash
  p - an uncursed skeleton key
  u - an uncursed stethoscope
  L - an uncursed towel
  b - a +0 unicorn horn

Anarchos the Valkyrie's attributes:

Background:
 You were a Fighter, a level 9 dwarven Valkyrie.
 You were lawful, on a mission for Tyr
 who was opposed by Odin (neutral) and Loki (chaotic).
 You were right-handed.
 You were in Sokoban, on level 4.
 You entered the dungeon 10615 turns ago.
 There was a full moon in effect when your adventure ended.
 You had 3391 experience points, 1729 more were needed to attain level 10.

Basics:
 You had 0 out of 102 hit points.
 You had all 18 energy points (spell power).
 Your armor class was -6.
 Your wallet contained 78 zorkmids.
 Autopickup was on for all types.

Final Characteristics:
 Your strength was 18 (limit:18/100).
 Your dexterity was 15 (peak:16, limit:20).
 Your constitution was 18 (limit:20).
 Your intelligence was 10 (limit:16).
 Your wisdom was 10 (limit:16).
 Your charisma was 8 (limit:16).

Final Status:
 You weren't hungry.
 You were unencumbered.
 You were bare handed.
 You were unskilled in bare handed combat and could have enhanced that.

Final Attributes:
 You were piously aligned.
 You were cold resistant.
 You were poison resistant.
 You saw invisible.
 You had infravision.
 You were stealthy.
 You were guarded.
 You were fast.
 You were very unlucky.
 You are dead.

Miscellaneous:
 You didn't encounter any bones levels.
 Total elapsed playing time was 3 hours, 50 minutes and 51 seconds.

Major events:
 Turn
    1: Anarchos the lawful dwarven Valkyrie entered the dungeon
  294: attained the rank of Skirmisher (level 3)
  874: entered the Gnomish Mines
 1463: reached Mine Town
 3360: attained the rank of Fighter (level 6)
 4022: chose an elven dagger to be named "Sting"
 5885: entered the Bigroom
 8888: performed her first genocide (class ;)
 9235: entered Sokoban
10283: completed 2nd Sokoban level
10615: petrified by a chickatrice

You didn't know any spells.

Skills:
 Fighting Skills
   bare handed combat [Unskilled]
   two weapon combat  [Unskilled]
   riding             [Unskilled]
 Weapon Skills
   dagger             [Basic]
   axe                [Unskilled]
   pick-axe           [Unskilled]
   short sword        [Unskilled]
   broadsword         [Unskilled]
   long sword         [Basic]
   two-handed sword   [Unskilled]
   saber              [Unskilled]
   hammer             [Unskilled]
   quarterstaff       [Unskilled]
   polearms           [Unskilled]
   spear              [Expert]
   trident            [Unskilled]
   lance              [Unskilled]
   sling              [Unskilled]
 Spellcasting Skills
   attack spells      [Unskilled]
   escape spells      [Unskilled]

Voluntary challenges:
 Character rerolling was not enabled.
 You genocided 6 types of monsters.
 You never polymorphed an object.
 You never changed form.
 You used no wishes.
 You violated the special Sokoban rules 7 times.
Achievements:
 You attained the rank of Skirmisher.
 You entered a shop.
 You entered the Gnomish Mines.
 You entered Minetown.
 You attained the rank of Fighter.
 You entered the Big Room.
 You entered Sokoban.

 The Dungeons of Doom: levels 1 to 10
    Level 1:
       A sink.
    Level 2:
       A general store, a fountain.
    Level 3:
       Stairs down to The Gnomish Mines.
    Level 4:
       A fountain.
    Level 5:
       Some fountains.
       Oracle of Delphi.
    Level 6:
       Stairs up to Sokoban, level 5.
    Level 7:
       A fountain, a grave.
    Level 8:
    Level 9:
    Level 10:
       A very big room.
 The Gnomish Mines: levels 4 to 6
    Level 4:
    Level 5:
    Level 6:
 Sokoban: levels 5 up to 4
    Level 4: <- You were here.
       Solved.
       Final resting place for
          you, petrified by a chickatrice.
    Level 5:
       Unsolved.


Vanquished creatures:
 an elven monarch
  a small mimic
  a xan
 an ettin mummy
  a wood golem
  a pyrolisk
  a tengu
 an elf mummy
  a carnivorous ape
  2 giant beetles
  2 cockatrices
  5 wolves
  3 winter wolf cubs
  a gremlin
  a leprechaun
 an orc-captain
  a giant spider
 an ice vortex
  a gnome ruler
 an orc mummy
  2 owlbears
  2 yetis
  3 Green-elves
  a jaguar
  a black unicorn
  a plains centaur
 an ape
  4 human zombies
  2 rope golems
  6 Woodland-elves
  a fire ant
 10 bugbears
  a quasit
  3 water nymphs
  2 mountain nymphs
  4 orc shamans
  5 rock piercers
  2 rock moles
  a pony
  a fog cloud
  4 yellow lights
  a shrieker
  3 violet fungi
  2 gnome leaders
  a kobold mummy
  a golden naga hatchling
  2 gray oozes
  a barrow wight
 an elf zombie
  a ghoul
  a straw golem
  a paper golem
  3 giant ants
  a little dog
  a floating eye
  2 kittens
  3 dwarves
  2 homunculi
  a kobold leader
  a kobold shaman
 12 hill orcs
  7 rothes
  a rabid rat
  2 centipedes
  a giant bat
  2 monkeys
  2 dwarf zombies
  a wererat
  a werejackal
  5 iguanas
  6 killer bees
  4 acid blobs
  2 coyotes
  a gas spore
  2 hobbits
  2 large kobolds
 16 hobgoblins
  2 giant rats
  3 cave spiders
  a yellow mold
  7 gnomes
  5 gnome zombies
  5 geckos
  8 jackals
  3 foxes
  5 kobolds
  9 goblins
  a sewer rat
 10 grid bugs
  2 bats
  5 lichens
  6 newts
253 creatures vanquished.

Genocided species:
 krakens
 sharks
 electric eels
 piranha
 giant eels
 jellyfish
6 species genocided.

Game over:
                       ----------
                      /          \
                     /    REST    \
                    /      IN      \
                   /     PEACE      \
                  /                  \
                  |     Anarchos     |
                  |      78 Au       |
                  |  petrified by a  |
                  |   chickatrice    |
                  |                  |
                  |                  |
                  |       2026       |
                 *|     *  *  *      | *
        _________)/\\_//(\/(/\)/\//\/|_)_______

Farvel Anarchos the Valkyrie...

You turned to stone in Sokoban on dungeon level 4 with 14215 points,
and 78 pieces of gold, after 10615 moves.
You were level 9 with a maximum of 102 hit points when you turned to stone.

